 Dungeon Crawl Stone Soup version 0.28-a0-980-g3664467d6e (webtiles) character file.

Game seed: 18012280016360320986

75 BinkBink the Cutter (level 4, 0/35 HPs)
             Began as a Human Monk on Dec 2, 2021.
             Killed from afar by an orc wizard (6 damage)
             ... with a puff of flame
             ... on level 3 of the Dungeon.
             The game lasted 00:04:16 (3197 turns).

BinkBink the Cutter (Human Monk)                    Turns: 3197, Time: 00:04:17

Health: 0/35       AC:  2    Str: 11    XL:     4   Next: 55%
Magic:  4/4        EV: 17    Int: 11    God:
Gold:   118        SH:  4    Dex: 17    Spells: 3/3 levels left

rFire   . . .      SeeInvis .   a - +0 short sword
rCold   . . .      Faith    .   c - +0 buckler
rNeg    . . .      Spirit   .   b - +0 robe
rPois   .          Reflect  .   (no helmet)
rElec   .          Harm     .   (no cloak)
rCorr   .          Rampage  .   (no gloves)
Will    +....                   (no boots)
Stlth   ++........              (no amulet)
HPRegen 0.11/turn               k - +4 ring of evasion
MPRegen 0.09/turn               l - ring of willpower

@: no status effects
A: no striking features
a: no special abilities


You were on level 3 of the Dungeon.
You visited 1 branch of the dungeon, and saw 3 of its levels.

You collected 118 gold pieces.

Inventory:

Hand Weapons
 a - a +0 short sword (weapon)
Armour
 b - a +0 robe (worn)
 c - a +0 buckler (worn)
 i - a scarf of shadows
Jewellery
 g - an amulet of magic regeneration
 h - a ring of fire
 k - a +4 ring of evasion (left hand)
 l - a ring of willpower (right hand)
Scrolls
 e - a scroll of vulnerability
 f - a scroll of fog
 j - a scroll of enchant weapon {unknown}
Potions
 d - 2 potions of curing


   Skills:
 + Level 3.5 Fighting
 + Level 3.7 Short Blades
 + Level 3.5 Dodging
 - Level 2.0 Stealth
 * Level 1.4 Shields


You had 3 spell levels left.
You didn't know any spells.
Your spell library contained the following spells:

 Spells                   Type           Power      Damage    Failure   Level
 Sublimation of Blood     Necr           0%         N/A       58%         2
 Wereblood                Tmut           0%         N/A       58%         2
 Summon Hydra             Summ           0%         N/A       100%        7


Dungeon Overview and Level Annotations

Branches:
Dungeon (3/15)

Altars:


Message History

You climb upwards.
There is a stone staircase leading down here.
HP restored.
Done exploring.
You climb downwards.
There is a stone staircase leading up here.
The orc priest begins to cast a cantrip, but forgets the words!
You closely miss the orc priest. You block the orc priest's attack.
You completely miss the orc priest.
The orc priest mumbles some strange prayers to Beogh against you.
Beogh smites you!
You hear a shout!
You barely miss the orc priest.
The orc priest looks satisfied for a moment.
You hit the orc priest.
The orc priest is moderately wounded.
You barely miss the orc priest.
The orc priest is moderately wounded.
The orc priest looks braver for a moment.
You hit the orc priest.
The orc priest is heavily wounded.
The orc priest closely misses you.
You barely miss the orc priest.
The orc priest is heavily wounded.
The orc priest completely misses you.
You hit the orc priest but do no damage.
The orc priest is heavily wounded.
The orc priest mumbles some strange prayers to Beogh against you.
Beogh smites you!
You hit the orc priest but do no damage.
The orc priest is heavily wounded.
The orc priest calls down the wrath of Beogh upon you.
Pain shoots through your body!
* * * LOW HITPOINT WARNING * * *
The orc wizard hits you with a +0 dagger.
* * * LOW HITPOINT WARNING * * *
The orc priest begins to cast a cantrip, but forgets the words!
The orc wizard casts a spell at you. The puff of flame hits you.
You die...

..# ### #.# #..#.##.#
..# ..# #.###.÷#.##.#
#####.####...÷.......##
..#...#.o...###...<...#
..#.#.#.....# #.#o###.#
....o.......# #.#.###.#
.#.##.#.....# #.#..##.#
.#.##.#.....# #.##o##.#
......####### #.@.....#
##.#### ####.#### #.#
### ##.# ##.###.## #..#
##.##.#.## #.##
##...###.# #.#
#####.#.#########.# #
##.##.........# #
#....#########


You could see an orc wizard.

Vanquished Creatures
  An adder (D:2)
  A worm (D:2)
  2 dart slugs (D:1)
  An orc (D:3)
  7 bats
  5 endoplasms
  2 giant cockroaches
  3 goblins (D:2)
  3 hobgoblins
  3 jackals (D:2)
  5 quokkas
  8 ball pythons
  2 frilled lizards
  5 kobolds
  6 rats
54 creatures vanquished.

Vanquished Creatures (others)
  A fungus (D:2)
1 creature vanquished.

Grand Total: 55 creatures vanquished

Notes
Turn   | Place    | Note
-------+----------+-------------------------------------------
     0 | D:1      | BinkBink the Human Monk began the quest for the Orb.
     0 | D:1      | Reached XP level 1. HP: 18/18 MP: 1/1
   146 | D:1      | Reached XP level 2. HP: 24/24 MP: 2/2
   664 | D:1      | Reached XP level 3. HP: 27/29 MP: 3/3
  1096 | D:2      | Reached skill level 1 in Shields
  1403 | D:2      | Reached XP level 4. HP: 7/35 MP: 4/4
  2512 | D:2      | Found a faded altar of an unknown god.
  3197 | D:3      | Killed from afar by an orc wizard

Illustrated notes

Levels and vault maps discovered:
D:1:      dpeg_arrival_short_road, layout_loops_cross
D:2:      minmay_inner_zag, layout_basic, shapermc_ecumenical_altar_petra
D:3:      layout_loops_cross, chequers_serial_rivers_small_3, uniq_robin

Skill      XL: |  1  2  3 |
---------------+----------+-----
Shields        | 1 |  1.4
Fighting       | |  3.5
Short Blades   | |  3.7
Dodging        | |  3.5
Stealth        | |  2.0

Action                   |  1- 3 |  4- 6 || total
-------------------------+-------+-------++-------
Melee: Short sword       |    98 |    77 ||   175
  Use: Scroll            |       |     2 ||     2
       Potion            |       |     2 ||     2
 Stab: Sleeping          |     8 |     4 ||    12
Armor: Robe              |    19 |    11 ||    30
Dodge: Dodged            |    40 |    26 ||    66
Block: Buckler           |    17 |     8 ||    25

Table legend: (Time is in decaauts)
 A = Elapsed time spent in this place.
 B = Non-inter-level travel time spent in this place.
 C = Inter-level travel time spent in this place.
 D = Time resting spent in this place.
 E = Time spent auto-exploring this place.
 F = Levels seen in this place.
 G = Mean time per level.
                   A        B        C        D        E       F      G
               +--------+--------+--------+--------+--------+-----+--------+
         Total |   3184 |   2957 |    227 |      0 |   2464 |   3 | 1061.3 |
       Dungeon |   3184 |   2957 |    227 |      0 |   2464 |   3 | 1061.3 |
               +--------+--------+--------+--------+--------+-----+--------+

Top non-repeatable levels by time:
     D:2: 1972 daAuts
     D:1: 967 daAuts
     D:3: 244 daAuts
